Jets vs Stars

Created - March-15-14 at 12:04

Goals
1 2 3 T
Jets 1 1 1 3
Stars 0 2 0 2
Shots
1 2 3 T
Jets 10 8 19 37
Stars 1 12 11 24

1st period

1. Jets , Troy Brouwer 18 (Ron Hainsey, Jonathan Ericsson) at 18:32 (PP)

Penalties :
Paul Stastny (DAL) for Slashing (Minor) at 0:16, Brandon Dubinsky (DAL) for Cross-checking (Minor) at 3:14, Jarome Iginla (DAL) for Hooking (Minor) at 7:48, Marcel Goc (DAL) for Holding Stick (Minor) at 9:39, Jarome Iginla (DAL) for Roughing (Minor) at 18:08

2nd period

2. Jets , Matt Read 17 (Ron Hainsey, Matt Cullen) at 7:00
3. Stars , Luke Schenn 4 (Jay Bouwmeester, Nik Antropov) at 9:18
4. Stars , Shea Weber 13 (Marian Gaborik, Marc-Edouard Vlasic) at 9:46

Penalties :
Wayne Simmonds (DAL) for Tripping (Minor) at 0:12, Jarome Iginla (DAL) for Interference (Minor) at 14:13

3rd period

5. Jets , Matt Read 18 (Jonathan Ericsson, Matt Cooke) at 17:14

Penalties :
Luke Schenn (DAL) for Cross-checking (Minor) at 1:05, Ron Hainsey (WPG) for Tripping (Minor) at 11:54

Goalie Stats

Cory Schneider (WPG), 22 saves from 24 shots - (0.917), W, 42-17-2, 60:00 minutes
Semyon Varlamov (DAL), 34 saves from 37 shots - (0.919), L, 18-16-5, 59:46 minutes

Players Stats for Jets

Player Name              G  A  P  +/- PIM S  H  SB GA TA FO     MP     PP MP  PK MP  
------------------------------------------------------------------------------------
Boyd Gordon              0  0  0   1  0   0  0  0  0  0  4/10    8:06   0:00   1:34 
David Schlemko           0  0  0  -1  0   0  0  1  0  0  0/0     6:29   0:43   0:00 
Henrik Sedin             0  0  0  -1  0   4  0  1  0  0  14/27  22:41   7:18   0:00 
Jamie Benn               0  0  0  -1  0   3  1  0  0  0  12/28  20:38   6:51   0:25 
Jaromir Jagr             0  0  0  -1  0   3  0  0  0  0  0/1    22:41   7:18   0:00 
Jason Garrison           0  0  0   1  0   2  0  0  0  0  0/0    18:12   0:43   1:07 
Joe Pavelski             0  0  0  -1  0   2  1  1  0  0  1/2    13:22   0:00   0:00 
Jonathan Ericsson        0  2  2   0  0   2  1  0  0  0  0/0    17:44   6:46   1:07 
Kimmo Timonen            0  0  0  -1  0   0  1  3  0  0  0/0    23:54   6:40   0:52 
Matt Cooke               0  1  1   1  0   0  0  0  0  0  0/0     7:46   0:00   0:25 
Matt Cullen              0  1  1   1  0   1  0  0  0  0  12/14   8:32   0:00   0:00 
Matt Read                2  0  2   2  0   5  1  0  0  0  0/0    14:46   0:28   0:00 
Nicklas Grossmann        0  0  0   1  0   1  1  1  0  0  0/0     6:39   0:00   0:00 
Pascal Dupuis            0  0  0  -1  0   3  4  0  0  0  0/0    22:17   7:18   1:34 
Patrick Sharp            0  0  0  -1  0   1  5  0  0  0  0/0    21:46   6:23   0:00 
Raphael Diaz             0  0  0  -1  0   2  0  0  0  0  0/0    23:54   6:40   0:52 
Ron Hainsey              0  2  2   1  2   4  1  2  0  0  0/0    23:07   6:46   0:00 
Troy Brouwer             1  0  1   1  0   4  3  0  0  0  0/0    15:26   6:51   0:00 

Players Stats for Stars

Player Name              G  A  P  +/- PIM S  H  SB GA TA FO     MP     PP MP  PK MP  
------------------------------------------------------------------------------------
Alex Galchenyuk          0  0  0   0  0   0  0  0  0  0  0/1    11:21   1:09   0:45 
Andrew Ference           0  0  0  -2  0   1  0  1  0  0  0/0    13:38   0:50   0:00 
Brandon Dubinsky         0  0  0   0  2   1  4  0  0  0  8/17   14:50   1:09   0:00 
Daniel Alfredsson        0  0  0   0  0   1  0  0  0  0  0/0    21:18   0:00   8:04 
Jarome Iginla            0  0  0   0  6   1  1  0  0  0  0/1    17:43   1:09   0:00 
Jay Bouwmeester          0  1  1   1  0   1  2  0  0  0  0/0    23:28   1:09   6:43 
Luke Schenn              1  0  1   1  2   2  2  2  0  0  0/0    22:46   0:50   6:21 
Marc-Edouard Vlasic      0  1  1   1  0   0  0  3  0  0  0/0    22:36   0:00   7:08 
Marcel Goc               0  0  0   0  2   0  1  1  0  0  12/19  12:09   0:00   7:35 
Marian Gaborik           0  1  1   0  0   4  0  0  0  0  1/1    17:27   0:50   0:00 
Nik Antropov             0  1  1   0  0   0  1  0  0  0  10/17  13:06   0:00   4:07 
Paul Stastny             0  0  0   0  2   4  0  1  0  0  8/21   21:19   0:50   3:53 
Peter Mueller            0  0  0   0  0   1  0  0  0  0  0/1     4:34   0:00   0:00 
Roman Polak              0  0  0  -2  0   1  0  0  0  0  0/0    14:50   0:00   2:02 
Shea Weber               1  0  1   1  0   4  10 1  0  0  0/0    22:41   1:09   6:04 
Travis Moen              0  0  0   0  0   0  0  1  0  0  0/1     8:19   0:00   3:45 
Tyler Seguin             0  0  0   0  0   2  0  0  0  0  0/0    13:42   0:00   0:00 
Wayne Simmonds           0  0  0   0  2   1  3  0  0  0  0/3     9:48   0:50   0:00 

3 Stars

1 - Matt Read (WPG)
2 - Shea Weber (DAL)
3 - Troy Brouwer (WPG)

Power Play

Jets - 1 on 8 Attempt(s) - 12.50%
Stars - 0 on 1 Attempt(s) - 0.00%

Penalty Kill

Jets - 1 on 1 Attempt(s) - 100.00% - Score 0 goal in Penalty Kill
Stars - 7 on 8 Attempt(s) - 87.50% - Score 0 goal in Penalty Kill

Official

Referees : Francois StLaurent and Don VanMassenhoven
Linesman : Derek Amell and Bryan Pancich

Game Notes

No Game Note

Finance

Level 1 -- Attendance: 4708 (78.47%) -- Ticket Income $517,880
Level 2 -- Attendance: 4903 (98.06%) -- Ticket Income $367,725
Level 3 -- Attendance: 2000 (100.00%) -- Ticket Income $112,000
Level 4 -- Attendance: 2428 (53.57%) -- Ticket Income $97,120
Luxury Box -- Attendance: 934 (93.40%) -- Ticket Income $185,866
Game was played at the American Airlines Center
Total Attendance: 14973 (80.80%)
Total Ticket Income: $1,280,591
Other Income: $192,089
Total Income: $1,472,680


% Time on Ice - Jets

Lines # - Real PCT - Wanted PCT - Time Play
Normal Forward
1 - 35% - 36% - 15:23
2 - 31% - 33% - 13:22
3 - 19% - 23% - 8:32
4 - 15% - 8% - 6:32
Normal Defense
1 - 37% - 43% - 16:22
2 - 37% - 34% - 16:22
3 - 15% - 13% - 6:39
4 - 10% - 10% - 4:26
PP Forward
1 - 52% - 60% - 7:18
2 - 48% - 40% - 6:51
PP Defense
1 - 50% - 60% - 7:08
2 - 50% - 40% - 7:01
PK Forward
1 - 91% - 60% - 1:48
2 - 9% - 40% - 0:11
PK Defense
1 - 56% - 60% - 1:07
2 - 44% - 40% - 0:52
PK3 Forward
1 - 0% - 60%
2 - 0% - 40%
PK3 Defense
1 - 0% - 60%
2 - 0% - 40%
44 Forward
1 - 0% - 51%
2 - 0% - 49%
44 Defense
1 - 0% - 51%
2 - 0% - 49%
Last Minute Offensive  - 0:00
Last Minute Defensive  - 0:03
Total
Forward - 60:00
Defense - 60:00

% Time on Ice - Stars

Lines # - Real PCT - Wanted PCT - Time Play
Normal Forward
1 - 38% - 35% - 16:37
2 - 30% - 30% - 13:14
3 - 21% - 23% - 8:59
4 - 11% - 12% - 4:34
Normal Defense
1 - 36% - 35% - 15:28
2 - 35% - 35% - 15:08
3 - 29% - 30% - 12:48
4 - 0% - 0% - 0:00
PP Forward
1 - 58% - 58% - 1:09
2 - 42% - 42% - 0:50
PP Defense
1 - 58% - 65% - 1:09
2 - 42% - 35% - 0:50
PK Forward
1 - 71% - 64% - 9:54
2 - 29% - 36% - 4:07
PK Defense
1 - 53% - 60% - 7:27
2 - 47% - 40% - 6:34
PK3 Forward
1 - 100% - 63% - 0:08
2 - 0% - 37% - 0:00
PK3 Defense
1 - 25% - 60% - 0:02
2 - 75% - 40% - 0:06
44 Forward
1 - 0% - 60%
2 - 0% - 40%
44 Defense
1 - 0% - 60%
2 - 0% - 40%
Last Minute Offensive  - 0:28
Last Minute Defensive  - 0:00
Total
Forward - 60:00
Defense - 60:00

Play by Play

1st period


0:01 of 1st period - Henrik Sedin wins face-off versus Paul Stastny in neutral zone.
0:03 of 1st period - Kimmo Timonen is hit by Shea Weber.
0:16 of 1st period - Minor Penalty to Paul Stastny for Slashing.
0:17 of 1st period - Jamie Benn wins face-off versus Marcel Goc in Stars zone.
0:46 of 1st period - Shot by Ron Hainsey.
0:46 of 1st period - Stopped by Semyon Varlamov without a rebound.
0:47 of 1st period - Henrik Sedin wins face-off versus Marcel Goc in Stars zone.
0:58 of 1st period - Shot by Jaromir Jagr.
0:58 of 1st period - Stopped by Semyon Varlamov with a rebound.
1:40 of 1st period - Shot by Patrick Sharp.
1:40 of 1st period - Deflect By Jamie Benn.
1:40 of 1st period - Shot Misses the Net.
2:26 of 1st period - Shot by Ron Hainsey.
2:26 of 1st period - Deflect By Matt Read.
2:26 of 1st period - Stopped by Semyon Varlamov without a rebound.
2:27 of 1st period - Brandon Dubinsky wins face-off versus Boyd Gordon in Stars zone.
3:13 of 1st period - Boyd Gordon is hit by Brandon Dubinsky and loses puck.
3:14 of 1st period - Minor Penalty to Brandon Dubinsky for Cross-checking.
3:15 of 1st period - Marcel Goc wins face-off versus Henrik Sedin in Stars zone.
4:29 of 1st period - Kimmo Timonen is hit by Nik Antropov and loses puck.
5:17 of 1st period - Shot by Matt Read.
5:17 of 1st period - Stopped by Semyon Varlamov without a rebound.
5:18 of 1st period - Nik Antropov wins face-off versus Boyd Gordon in Stars zone.
5:42 of 1st period - Shot by Boyd Gordon.
5:42 of 1st period - Shot Blocked by Andrew Ference.
6:10 of 1st period - Shot by Jarome Iginla.
6:10 of 1st period - Shot Misses the Net.
6:33 of 1st period - Shot by Jamie Benn.
6:33 of 1st period - Stopped by Semyon Varlamov without a rebound.
6:34 of 1st period - Brandon Dubinsky wins face-off versus Henrik Sedin in Stars zone.
6:34 of 1st period - Brandon Dubinsky is hit by Patrick Sharp.
7:27 of 1st period - Brandon Dubinsky is hit by Pascal Dupuis and loses puck.
7:48 of 1st period - Minor Penalty to Jarome Iginla for Hooking.
7:49 of 1st period - Marcel Goc wins face-off versus Jamie Benn in Stars zone.
7:58 of 1st period - Shot by Raphael Diaz.
7:58 of 1st period - Shot Misses the Net.
8:00 of 1st period - Shot by Troy Brouwer.
8:00 of 1st period - Stopped by Semyon Varlamov without a rebound.
8:01 of 1st period - Marcel Goc wins face-off versus Henrik Sedin in Stars zone.
9:04 of 1st period - Shot by Patrick Sharp.
9:04 of 1st period - Shot Misses the Net.
9:06 of 1st period - Shot by Jamie Benn.
9:06 of 1st period - Shot Misses the Net.
9:08 of 1st period - Shot by Kimmo Timonen.
9:08 of 1st period - Shot Misses the Net.
9:39 of 1st period - Minor Penalty to Marcel Goc for Holding Stick.
9:40 of 1st period - Henrik Sedin wins face-off versus Travis Moen in Stars zone.
9:59 of 1st period - Ron Hainsey is hit by Shea Weber and loses puck.
11:02 of 1st period - Shot by Kimmo Timonen.
11:02 of 1st period - Shot Misses the Net.
11:35 of 1st period - Shot by Jason Garrison.
11:35 of 1st period - Shot Blocked by Marc-Edouard Vlasic.
11:39 of 1st period - Shot by Jason Garrison.
11:39 of 1st period - Shot Blocked by Travis Moen.
11:57 of 1st period - Nicklas Grossmann is hit by Marcel Goc and loses puck.
13:05 of 1st period - Shot by Jarome Iginla.
13:05 of 1st period - Deflect By Paul Stastny.
13:05 of 1st period - Shot Blocked by Kimmo Timonen.
13:13 of 1st period - Shot by Marian Gaborik.
13:13 of 1st period - Shot Misses the Net.
13:15 of 1st period - Shot by Jarome Iginla.
13:15 of 1st period - Shot Blocked by Kimmo Timonen.
13:19 of 1st period - Shot by Marian Gaborik.
13:19 of 1st period - Shot Misses the Net.
13:21 of 1st period - Shot by Jarome Iginla.
13:21 of 1st period - Shot Blocked by Henrik Sedin.
13:23 of 1st period - Shot by Marian Gaborik.
13:23 of 1st period - Deflect By Paul Stastny.
13:23 of 1st period - Shot Misses the Net.
13:47 of 1st period - Shot by Tyler Seguin.
13:47 of 1st period - Stopped by Cory Schneider without a rebound.
13:48 of 1st period - Marcel Goc wins face-off versus Jamie Benn in Jets zone.
15:09 of 1st period - Shot by Brandon Dubinsky.
15:09 of 1st period - Deflect By Daniel Alfredsson.
15:09 of 1st period - Shot Misses the Net.
15:44 of 1st period - Daniel Alfredsson is hit by Patrick Sharp and loses puck.
16:32 of 1st period - Shot by Jason Garrison.
16:32 of 1st period - Shot Misses the Net.
16:42 of 1st period - Shot by Ron Hainsey.
16:42 of 1st period - Shot Misses the Net.
17:02 of 1st period - Shot by Jonathan Ericsson.
17:02 of 1st period - Stopped by Semyon Varlamov without a rebound.
17:03 of 1st period - Matt Cullen wins face-off versus Nik Antropov in Stars zone.
17:07 of 1st period - Icing by Marc-Edouard Vlasic.
17:08 of 1st period - Henrik Sedin wins face-off versus Alex Galchenyuk in Stars zone.
17:08 of 1st period - Kimmo Timonen is hit by Shea Weber and loses puck.
18:08 of 1st period - Minor Penalty to Jarome Iginla for Roughing.
18:09 of 1st period - Marcel Goc wins face-off versus Jamie Benn in Stars zone.
18:32 of 1st period - Shot by Troy Brouwer.
18:32 of 1st period - Goal by Troy Brouwer - Jets : 1 - Stars : 0.
18:33 of 1st period - Boyd Gordon wins face-off versus Paul Stastny in neutral zone.
19:29 of 1st period - Shot by Jamie Benn.
19:29 of 1st period - Deflect By Pascal Dupuis.
19:29 of 1st period - Stopped by Semyon Varlamov with a rebound.
19:31 of 1st period - Shot by Raphael Diaz.
19:31 of 1st period - Shot Misses the Net.
19:33 of 1st period - Shot by Pascal Dupuis.
19:33 of 1st period - Shot Misses the Net.
19:35 of 1st period - Shot by Jamie Benn.
19:35 of 1st period - Stopped by Semyon Varlamov without a rebound.
19:36 of 1st period - Henrik Sedin wins face-off versus Brandon Dubinsky in Stars zone.
Goals for this period are 1 for Jets vs 0 for Stars.
Shots for this period are 10 for Jets vs 1 for Stars.

2nd period


0:01 of 2nd period - Jamie Benn wins face-off versus Paul Stastny in neutral zone.
0:10 of 2nd period - Shot by Marian Gaborik.
0:10 of 2nd period - Stopped by Cory Schneider without a rebound.
0:11 of 2nd period - Matt Cullen wins face-off versus Nik Antropov in Jets zone.
0:11 of 2nd period - Matt Cullen is hit by Wayne Simmonds.
0:12 of 2nd period - Minor Penalty to Wayne Simmonds for Tripping.
0:13 of 2nd period - Marcel Goc wins face-off versus Henrik Sedin in Stars zone.
0:41 of 2nd period - Icing by Pascal Dupuis.
0:42 of 2nd period - Marcel Goc wins face-off versus Henrik Sedin in Jets zone.
0:45 of 2nd period - Shot by Daniel Alfredsson.
0:45 of 2nd period - Stopped by Cory Schneider without a rebound.
0:46 of 2nd period - Marcel Goc wins face-off versus Jamie Benn in Jets zone.
1:03 of 2nd period - Shot by Ron Hainsey.
1:03 of 2nd period - Stopped by Semyon Varlamov without a rebound.
1:04 of 2nd period - Marcel Goc wins face-off versus Henrik Sedin in Stars zone.
1:25 of 2nd period - Shot by Pascal Dupuis.
1:25 of 2nd period - Stopped by Semyon Varlamov with a rebound.
1:31 of 2nd period - Kimmo Timonen is hit by Luke Schenn and loses puck.
2:39 of 2nd period - Icing by Jason Garrison.
2:40 of 2nd period - Matt Cullen wins face-off versus Nik Antropov in Jets zone.
2:40 of 2nd period - Ron Hainsey is hit by Wayne Simmonds and loses puck.
3:47 of 2nd period - Shot by Pascal Dupuis.
3:47 of 2nd period - Deflect By Joe Pavelski.
3:47 of 2nd period - Shot Misses the Net.
4:19 of 2nd period - Henrik Sedin is hit by Shea Weber and loses puck.
4:37 of 2nd period - Jaromir Jagr is hit by Shea Weber and loses puck.
4:48 of 2nd period - Boyd Gordon is hit by Brandon Dubinsky and loses puck.
5:25 of 2nd period - Shot by Jarome Iginla.
5:25 of 2nd period - Stopped by Cory Schneider without a rebound.
5:26 of 2nd period - Nik Antropov wins face-off versus Jamie Benn in Jets zone.
5:39 of 2nd period - Shot by Jamie Benn.
5:39 of 2nd period - Deflect By Joe Pavelski.
5:39 of 2nd period - Shot Misses the Net.
6:01 of 2nd period - Shot by Alex Galchenyuk.
6:01 of 2nd period - Shot Misses the Net.
6:03 of 2nd period - Shot by Nik Antropov.
6:03 of 2nd period - Deflect By Alex Galchenyuk.
6:03 of 2nd period - Shot Blocked by Joe Pavelski.
6:05 of 2nd period - Shot by Luke Schenn.
6:05 of 2nd period - Shot Blocked by David Schlemko.
6:07 of 2nd period - Shot by Alex Galchenyuk.
6:07 of 2nd period - Shot Misses the Net.
6:33 of 2nd period - Shot by Marian Gaborik.
6:33 of 2nd period - Shot Misses the Net.
6:35 of 2nd period - Shot by Jarome Iginla.
6:35 of 2nd period - Shot Misses the Net.
6:37 of 2nd period - Shot by Marian Gaborik.
6:37 of 2nd period - Shot Misses the Net.
6:54 of 2nd period - Icing by Roman Polak.
6:55 of 2nd period - Matt Cullen wins face-off versus Paul Stastny in Stars zone.
7:00 of 2nd period - Shot by Matt Read.
7:00 of 2nd period - Goal by Matt Read - Jets : 2 - Stars : 0.
7:01 of 2nd period - Matt Cullen wins face-off versus Marcel Goc in neutral zone.
7:30 of 2nd period - Shot by Marcel Goc.
7:30 of 2nd period - Deflect By Peter Mueller.
7:30 of 2nd period - Stopped by Cory Schneider with a rebound.
7:35 of 2nd period - Icing by Troy Brouwer.
7:36 of 2nd period - Matt Cullen wins face-off versus Paul Stastny in Jets zone.
7:41 of 2nd period - Shot by Marian Gaborik.
7:41 of 2nd period - Shot Blocked by Ron Hainsey.
7:43 of 2nd period - Shot by Jarome Iginla.
7:43 of 2nd period - Shot Misses the Net.
8:40 of 2nd period - Icing by Brandon Dubinsky.
8:41 of 2nd period - Brandon Dubinsky wins face-off versus Jamie Benn in Stars zone.
8:41 of 2nd period - Brandon Dubinsky is hit by Pascal Dupuis.
8:53 of 2nd period - Shot by Tyler Seguin.
8:53 of 2nd period - Stopped by Cory Schneider without a rebound.
8:54 of 2nd period - Jamie Benn wins face-off versus Nik Antropov in Jets zone.
9:12 of 2nd period - Shot by Nik Antropov.
9:12 of 2nd period - Shot Misses the Net.
9:14 of 2nd period - Shot by Nik Antropov.
9:14 of 2nd period - Shot Misses the Net.
9:16 of 2nd period - Shot by Jay Bouwmeester.
9:16 of 2nd period - Shot Misses the Net.
9:18 of 2nd period - Shot by Luke Schenn.
9:18 of 2nd period - Goal by Luke Schenn - Jets : 2 - Stars : 1.
9:19 of 2nd period - Paul Stastny wins face-off versus Henrik Sedin in neutral zone.
9:26 of 2nd period - Shot by Marian Gaborik.
9:26 of 2nd period - Shot Misses the Net.
9:42 of 2nd period - Shot by Marian Gaborik.
9:42 of 2nd period - Stopped by Cory Schneider with a rebound.
9:44 of 2nd period - Shot by Marian Gaborik.
9:44 of 2nd period - Shot Misses the Net.
9:46 of 2nd period - Shot by Shea Weber.
9:46 of 2nd period - Goal by Shea Weber - Jets : 2 - Stars : 2.
9:47 of 2nd period - Brandon Dubinsky wins face-off versus Jamie Benn in neutral zone.
9:56 of 2nd period - Shot by Pascal Dupuis.
9:56 of 2nd period - Shot Blocked by Luke Schenn.
10:28 of 2nd period - Shot by Jamie Benn.
10:28 of 2nd period - Stopped by Semyon Varlamov with a rebound.
10:30 of 2nd period - Shot by Jason Garrison.
10:30 of 2nd period - Stopped by Semyon Varlamov with a rebound.
10:32 of 2nd period - Shot by Jamie Benn.
10:32 of 2nd period - Shot Misses the Net.
10:49 of 2nd period - Jay Bouwmeester is hit by Patrick Sharp.
11:44 of 2nd period - Matt Cullen is hit by Brandon Dubinsky and loses puck.
11:50 of 2nd period - Off-side.
11:51 of 2nd period - Jamie Benn wins face-off versus Paul Stastny in neutral zone.
11:56 of 2nd period - Shot by Joe Pavelski.
11:56 of 2nd period - Stopped by Semyon Varlamov without a rebound.
11:57 of 2nd period - Joe Pavelski wins face-off versus Paul Stastny in Stars zone.
11:57 of 2nd period - Joe Pavelski is hit by Shea Weber.
12:05 of 2nd period - Shot by Pascal Dupuis.
12:05 of 2nd period - Shot Misses the Net.
12:37 of 2nd period - Pascal Dupuis is hit by Jarome Iginla and loses puck.
12:42 of 2nd period - Shot by Paul Stastny.
12:42 of 2nd period - Stopped by Cory Schneider with a rebound.
12:56 of 2nd period - Off-side.
12:57 of 2nd period - Henrik Sedin wins face-off versus Peter Mueller in neutral zone.
13:57 of 2nd period - Shot by Nicklas Grossmann.
13:57 of 2nd period - Stopped by Semyon Varlamov without a rebound.
13:58 of 2nd period - Matt Cullen wins face-off versus Paul Stastny in Stars zone.
14:03 of 2nd period - Shot by Matt Read.
14:03 of 2nd period - Stopped by Semyon Varlamov without a rebound.
14:04 of 2nd period - Matt Cullen wins face-off versus Paul Stastny in Stars zone.
14:04 of 2nd period - Matt Cullen is hit by Shea Weber.
14:13 of 2nd period - Minor Penalty to Jarome Iginla for Interference.
14:14 of 2nd period - Marcel Goc wins face-off versus Jamie Benn in Stars zone.
14:14 of 2nd period - Marcel Goc is hit by Troy Brouwer.
14:24 of 2nd period - Shot by Jonathan Ericsson.
14:24 of 2nd period - Shot Misses the Net.
16:28 of 2nd period - Shot by Paul Stastny.
16:28 of 2nd period - Stopped by Cory Schneider without a rebound.
16:29 of 2nd period - Nik Antropov wins face-off versus Boyd Gordon in Jets zone.
17:42 of 2nd period - Shot by Paul Stastny.
17:42 of 2nd period - Stopped by Cory Schneider without a rebound.
17:43 of 2nd period - Henrik Sedin wins face-off versus Marcel Goc in Jets zone.
18:09 of 2nd period - Henrik Sedin is hit by Shea Weber.
18:26 of 2nd period - Henrik Sedin is hit by Shea Weber and loses puck.
18:50 of 2nd period - Icing by Roman Polak.
18:51 of 2nd period - Matt Cullen wins face-off versus Paul Stastny in Stars zone.
19:29 of 2nd period - Shot by Marian Gaborik.
19:29 of 2nd period - Shot Blocked by Ron Hainsey.
19:31 of 2nd period - Shot by Roman Polak.
19:31 of 2nd period - Stopped by Cory Schneider without a rebound.
19:32 of 2nd period - Jamie Benn wins face-off versus Wayne Simmonds in Jets zone.
19:36 of 2nd period - Icing by Joe Pavelski.
19:37 of 2nd period - Nik Antropov wins face-off versus Jamie Benn in Jets zone.
19:41 of 2nd period - Icing by Jamie Benn.
19:42 of 2nd period - Jamie Benn wins face-off versus Brandon Dubinsky in Jets zone.
19:51 of 2nd period - Shot by Joe Pavelski.
19:51 of 2nd period - Shot Misses the Net.
Goals for this period are 1 for Jets vs 2 for Stars.
Shots for this period are 8 for Jets vs 12 for Stars.

3rd period


0:01 of 3rd period - Paul Stastny wins face-off versus Henrik Sedin in neutral zone.
0:26 of 3rd period - Shot by Jaromir Jagr.
0:26 of 3rd period - Stopped by Semyon Varlamov without a rebound.
0:27 of 3rd period - Nik Antropov wins face-off versus Jamie Benn in Stars zone.
0:37 of 3rd period - Icing by Jason Garrison.
0:38 of 3rd period - Jamie Benn wins face-off versus Brandon Dubinsky in Jets zone.
0:38 of 3rd period - Jamie Benn is hit by Brandon Dubinsky.
0:43 of 3rd period - Off-side.
0:44 of 3rd period - Henrik Sedin wins face-off versus Paul Stastny in neutral zone.
0:46 of 3rd period - Kimmo Timonen is hit by Luke Schenn and loses puck.
1:05 of 3rd period - Shot by Raphael Diaz.
1:05 of 3rd period - Stopped by Semyon Varlamov without a rebound.
1:05 of 3rd period - Minor Penalty to Luke Schenn for Cross-checking.
1:06 of 3rd period - Jamie Benn wins face-off versus Marcel Goc in Stars zone.
1:28 of 3rd period - Icing by Ron Hainsey.
1:29 of 3rd period - Marcel Goc wins face-off versus Jamie Benn in Jets zone.
1:50 of 3rd period - Shot by Ron Hainsey.
1:50 of 3rd period - Stopped by Semyon Varlamov without a rebound.
1:51 of 3rd period - Henrik Sedin wins face-off versus Marcel Goc in Stars zone.
2:16 of 3rd period - Roman Polak is hit by Pascal Dupuis and loses puck.
2:34 of 3rd period - Icing by Pascal Dupuis.
2:35 of 3rd period - Paul Stastny wins face-off versus Henrik Sedin in Jets zone.
2:41 of 3rd period - Icing by Raphael Diaz.
2:42 of 3rd period - Henrik Sedin wins face-off versus Marcel Goc in Jets zone.
2:47 of 3rd period - Shot by Pascal Dupuis.
2:47 of 3rd period - Shot Blocked by Marcel Goc.
3:13 of 3rd period - Shot by Troy Brouwer.
3:13 of 3rd period - Shot Misses the Net.
3:15 of 3rd period - Shot by Jason Garrison.
3:15 of 3rd period - Stopped by Semyon Varlamov without a rebound.
3:16 of 3rd period - Nik Antropov wins face-off versus Matt Cullen in Stars zone.
3:16 of 3rd period - Nik Antropov is hit by Troy Brouwer.
3:46 of 3rd period - Shot by Shea Weber.
3:46 of 3rd period - Stopped by Cory Schneider without a rebound.
3:47 of 3rd period - Paul Stastny wins face-off versus Jamie Benn in Jets zone.
4:09 of 3rd period - Icing by Nicklas Grossmann.
4:10 of 3rd period - Brandon Dubinsky wins face-off versus Joe Pavelski in Jets zone.
4:11 of 3rd period - Shot by Daniel Alfredsson.
4:11 of 3rd period - Deflect By Brandon Dubinsky.
4:11 of 3rd period - Stopped by Cory Schneider with a rebound.
4:29 of 3rd period - Shot by Pascal Dupuis.
4:29 of 3rd period - Stopped by Semyon Varlamov without a rebound.
4:30 of 3rd period - Paul Stastny wins face-off versus Henrik Sedin in Stars zone.
4:42 of 3rd period - Shot by Patrick Sharp.
4:42 of 3rd period - Shot Blocked by Marc-Edouard Vlasic.
5:23 of 3rd period - Shot by Matt Cullen.
5:23 of 3rd period - Deflect By Troy Brouwer.
5:23 of 3rd period - Stopped by Semyon Varlamov without a rebound.
5:24 of 3rd period - Matt Cullen wins face-off versus Brandon Dubinsky in Stars zone.
5:29 of 3rd period - Shot by Matt Read.
5:29 of 3rd period - Shot Hit the Post.
5:34 of 3rd period - Brandon Dubinsky is hit by Troy Brouwer.
5:39 of 3rd period - Brandon Dubinsky is hit by Ron Hainsey and loses puck.
6:05 of 3rd period - Icing by Jay Bouwmeester.
6:06 of 3rd period - Jamie Benn wins face-off versus Brandon Dubinsky in Stars zone.
6:13 of 3rd period - Shot by Jamie Benn.
6:13 of 3rd period - Shot Misses the Net.
6:35 of 3rd period - Shot by Jonathan Ericsson.
6:35 of 3rd period - Stopped by Semyon Varlamov without a rebound.
6:36 of 3rd period - Henrik Sedin wins face-off versus Jarome Iginla in Stars zone.
6:39 of 3rd period - Shot by Henrik Sedin.
6:39 of 3rd period - Stopped by Semyon Varlamov without a rebound.
6:40 of 3rd period - Henrik Sedin wins face-off versus Nik Antropov in Stars zone.
6:40 of 3rd period - Henrik Sedin is hit by Shea Weber.
7:00 of 3rd period - Shot by Henrik Sedin.
7:00 of 3rd period - Stopped by Semyon Varlamov with a rebound.
7:14 of 3rd period - Marc-Edouard Vlasic is hit by Patrick Sharp and loses puck.
7:49 of 3rd period - Shot by Jamie Benn.
7:49 of 3rd period - Shot Misses the Net.
7:57 of 3rd period - Shot by Pascal Dupuis.
7:57 of 3rd period - Shot Blocked by Luke Schenn.
7:59 of 3rd period - Shot by Joe Pavelski.
7:59 of 3rd period - Stopped by Semyon Varlamov without a rebound.
8:00 of 3rd period - Matt Cullen wins face-off versus Brandon Dubinsky in Stars zone.
8:07 of 3rd period - Shot by Tyler Seguin.
8:07 of 3rd period - Shot Blocked by Nicklas Grossmann.
8:18 of 3rd period - Tyler Seguin is hit by Jonathan Ericsson and loses puck.
8:28 of 3rd period - Brandon Dubinsky is hit by Nicklas Grossmann and loses puck.
8:46 of 3rd period - Brandon Dubinsky is hit by Matt Read and loses puck.
9:05 of 3rd period - Shot by Paul Stastny.
9:05 of 3rd period - Stopped by Cory Schneider without a rebound.
9:06 of 3rd period - Henrik Sedin wins face-off versus Nik Antropov in Jets zone.
9:06 of 3rd period - Henrik Sedin is hit by Wayne Simmonds.
9:14 of 3rd period - Shot by Patrick Sharp.
9:14 of 3rd period - Stopped by Semyon Varlamov without a rebound.
9:15 of 3rd period - Henrik Sedin wins face-off versus Paul Stastny in Stars zone.
9:40 of 3rd period - Shot by Jarome Iginla.
9:40 of 3rd period - Shot Misses the Net.
9:42 of 3rd period - Shot by Jarome Iginla.
9:42 of 3rd period - Shot Blocked by Kimmo Timonen.
9:44 of 3rd period - Shot by Marian Gaborik.
9:44 of 3rd period - Stopped by Cory Schneider without a rebound.
9:45 of 3rd period - Nik Antropov wins face-off versus Jamie Benn in Jets zone.
9:59 of 3rd period - Icing by Ron Hainsey.
10:00 of 3rd period - Jamie Benn wins face-off versus Brandon Dubinsky in Jets zone.
10:28 of 3rd period - Shot by Brandon Dubinsky.
10:28 of 3rd period - Shot Misses the Net.
10:40 of 3rd period - Andrew Ference is hit by Pascal Dupuis and loses puck.
11:06 of 3rd period - Shot by Marian Gaborik.
11:06 of 3rd period - Stopped by Cory Schneider without a rebound.
11:07 of 3rd period - Nik Antropov wins face-off versus Matt Cullen in Jets zone.
11:10 of 3rd period - Shot by Shea Weber.
11:10 of 3rd period - Stopped by Cory Schneider without a rebound.
11:11 of 3rd period - Paul Stastny wins face-off versus Henrik Sedin in Jets zone.
11:11 of 3rd period - Jarome Iginla is hit by Kimmo Timonen and loses puck.
11:31 of 3rd period - Shot by Jaromir Jagr.
11:31 of 3rd period - Shot Blocked by Paul Stastny.
11:33 of 3rd period - Shot by Henrik Sedin.
11:33 of 3rd period - Stopped by Semyon Varlamov with a rebound.
11:35 of 3rd period - Shot by Henrik Sedin.
11:35 of 3rd period - Deflect By Jaromir Jagr.
11:35 of 3rd period - Stopped by Semyon Varlamov without a rebound.
11:36 of 3rd period - Jamie Benn wins face-off versus Nik Antropov in Stars zone.
11:37 of 3rd period - Shot by Ron Hainsey.
11:37 of 3rd period - Stopped by Semyon Varlamov without a rebound.
11:38 of 3rd period - Nik Antropov wins face-off versus Jamie Benn in Stars zone.
11:38 of 3rd period - Shea Weber is hit by Jamie Benn and loses puck.
11:51 of 3rd period - Shot by Wayne Simmonds.
11:51 of 3rd period - Shot Misses the Net.
11:53 of 3rd period - Shot by Nik Antropov.
11:53 of 3rd period - Shot Misses the Net.
11:54 of 3rd period - Minor Penalty to Ron Hainsey for Tripping.
11:55 of 3rd period - Boyd Gordon wins face-off versus Brandon Dubinsky in Jets zone.
12:35 of 3rd period - Off-side.
12:36 of 3rd period - Marian Gaborik wins face-off versus Boyd Gordon in neutral zone.
12:44 of 3rd period - Shot by Andrew Ference.
12:44 of 3rd period - Stopped by Cory Schneider without a rebound.
12:45 of 3rd period - Boyd Gordon wins face-off versus Paul Stastny in Jets zone.
13:23 of 3rd period - Shot by Luke Schenn.
13:23 of 3rd period - Stopped by Cory Schneider without a rebound.
13:24 of 3rd period - Brandon Dubinsky wins face-off versus Boyd Gordon in Jets zone.
13:29 of 3rd period - Shot by Jay Bouwmeester.
13:29 of 3rd period - Stopped by Cory Schneider without a rebound.
13:30 of 3rd period - Brandon Dubinsky wins face-off versus Boyd Gordon in Jets zone.
13:51 of 3rd period - Shot by Shea Weber.
13:51 of 3rd period - Stopped by Cory Schneider without a rebound.
13:52 of 3rd period - Jamie Benn wins face-off versus Wayne Simmonds in Jets zone.
14:05 of 3rd period - Shot by Troy Brouwer.
14:05 of 3rd period - Stopped by Semyon Varlamov without a rebound.
14:06 of 3rd period - Paul Stastny wins face-off versus Henrik Sedin in Stars zone.
14:21 of 3rd period - Shot by Henrik Sedin.
14:21 of 3rd period - Stopped by Semyon Varlamov without a rebound.
14:22 of 3rd period - Matt Cullen wins face-off versus Brandon Dubinsky in Stars zone.
14:46 of 3rd period - Troy Brouwer is hit by Jay Bouwmeester and loses puck.
14:50 of 3rd period - Icing by Tyler Seguin.
14:51 of 3rd period - Brandon Dubinsky wins face-off versus Jaromir Jagr in Stars zone.
15:13 of 3rd period - Patrick Sharp is hit by Jay Bouwmeester and loses puck.
16:16 of 3rd period - Shot by Jamie Benn.
16:16 of 3rd period - Shot Misses the Net.
16:18 of 3rd period - Shot by Joe Pavelski.
16:18 of 3rd period - Deflect By Jamie Benn.
16:18 of 3rd period - Shot Misses the Net.
16:20 of 3rd period - Shot by Joe Pavelski.
16:20 of 3rd period - Shot Hit the Post.
16:26 of 3rd period - Shot by Joe Pavelski.
16:26 of 3rd period - Shot Blocked by Marc-Edouard Vlasic.
16:28 of 3rd period - Shot by Raphael Diaz.
16:28 of 3rd period - Stopped by Semyon Varlamov with a rebound.
16:44 of 3rd period - Shot by Matt Read.
16:44 of 3rd period - Shot Misses the Net.
16:52 of 3rd period - Shot by Matt Read.
16:52 of 3rd period - Shot Blocked by Shea Weber.
16:54 of 3rd period - Shot by Matt Cullen.
16:54 of 3rd period - Stopped by Semyon Varlamov without a rebound.
16:55 of 3rd period - Boyd Gordon wins face-off versus Wayne Simmonds in Stars zone.
17:14 of 3rd period - Shot by Matt Read.
17:14 of 3rd period - Goal by Matt Read - Jets : 3 - Stars : 2.
17:15 of 3rd period - Marcel Goc wins face-off versus Henrik Sedin in neutral zone.
17:33 of 3rd period - Off-side.
17:34 of 3rd period - Nik Antropov wins face-off versus Jamie Benn in neutral zone.
17:34 of 3rd period - Jay Bouwmeester is hit by Joe Pavelski and loses puck.
17:49 of 3rd period - Shot by Wayne Simmonds.
17:49 of 3rd period - Stopped by Cory Schneider with a rebound.
18:15 of 3rd period - Icing by Jamie Benn.
18:16 of 3rd period - Paul Stastny wins face-off versus Jamie Benn in Jets zone.
18:48 of 3rd period - Paul Stastny is hit by Patrick Sharp and loses puck.
19:46 of 3rd period - Stars, Semyon Varlamov is pulled from the net.
Goals for this period are 1 for Jets vs 0 for Stars.
Shots for this period are 19 for Jets vs 11 for Stars.


Output by the SimonT Hockey Simulator (STHS) for Stephane Roy -- Original Page W3C XHTML 1.0 Valid
Hockey Simulator - Hockey Simulation - Hockey Manager